 Dungeon Crawl Stone Soup version 0.24.0-13-gcf9b319 (webtiles) character file.

Game seed: 8091190251172018798, levelgen mode: deterministic

332 Bronimir the Cudgeler (level 6, -12/38 HPs)
             Began as a Gargoyle Monk on Mar 19, 2020.
             Mangled by a two-headed ogre
             ... wielding a +0 giant club
              (27 damage)
             ... on level 5 of the Dungeon.
             The game lasted 00:05:10 (2762 turns).

Bronimir the Cudgeler (Gargoyle Monk)               Turns: 2762, Time: 00:05:11

Health: -12/38     AC: 12    Str: 17    XL:     6   Next: 52%
Magic:  6/6        EV: 12    Int: 10    God:
Gold:   143        SH:  0    Dex: 12    Spells: 5/5 levels left

rFire    . . .     SeeInvis .   a - +0 flail (holy)
rCold    . . .     Gourm    .   (no shield)
rNeg     + . .     Faith    .   h - +1 ring mail
rPois    ∞         Spirit   .   p - +0 helmet (curse)
rElec    +         Reflect  .   (no cloak)
rCorr    .         Harm     .   (no gloves)
MR       .....                  (no boots)
Stlth    +.........             (no amulet)
HPRegen  0.12/turn              (no ring)
MPRegen  0.10/turn              (no ring)

@: no status effects
A: negative energy resistance 1, electricity resistance, unbreathing,
petrification resistance, rot immunity, AC +4
a: no special abilities


You were on level 5 of the Dungeon.
You were not hungry.

You visited 1 branch of the dungeon, and saw 5 of its levels.

You collected 143 gold pieces.

Inventory:

Hand Weapons
 a - a +0 flail of holy wrath (weapon)
 b - a +0 hunting sling
 n - a +0 trident
 t - a +0 mace
Missiles
 f - 84 stones
 i - 38 poisoned darts (quivered)
 j - 45 arrows
 k - 27 sling bullets
Armour
 h - a +1 ring mail (worn)
 p - a cursed +0 helmet (worn)
 s - a +0 helmet
Wands
 m - a wand of random effects (20)
Scrolls
 d - 2 scrolls of magic mapping {unknown}
 g - a scroll of fog {unknown}
 l - a scroll of amnesia {unknown}
 o - 5 scrolls of identify {unknown}
 u - a scroll of enchant weapon {unknown}
Potions
 e - 2 potions of lignification {unknown}
 q - 2 potions of mutation {unknown}
 r - 2 potions of resistance {unknown}
 w - a potion of cancellation {unknown}
Comestibles
 c - 6 rations


   Skills:
 + Level 3.9 Fighting
 * Level 5.1 Maces & Flails
 + Level 2.2 Slings
 * Level 2.9 Armour
 + Level 2.9 Dodging
 - Level 2.2 Stealth


You had 5 spell levels left.
You didn't know any spells.
Your spell library was empty.

Dungeon Overview and Level Annotations

Branches:
Dungeon (5/15)
 Temple: D:4-7

Altars:
The Shining One


Innate Abilities, Weirdness & Mutations

You are resistant to torment.
Your stone body is resilient. (AC +4)
You are immune to poison.
You resist negative energy. (rN+)
You are resistant to electric shocks. (rElec)
You can survive without breathing.
You are immune to petrification.
You are immune to rotting.


Message History

The two-headed ogre is heavily wounded.
The two-headed ogre hits you but does no damage.
The two-headed ogre hits you with a +0 giant spiked club.
There is a stone staircase leading up here.
You hit the two-headed ogre but do no damage.
The two-headed ogre is severely wounded.
The two-headed ogre closely misses you. x2
You barely miss the two-headed ogre.
The two-headed ogre is severely wounded.
The two-headed ogre hits you with a +0 giant club!
The two-headed ogre barely misses you.
You barely miss the two-headed ogre.
The two-headed ogre is severely wounded.
The two-headed ogre hits you but does no damage.
The two-headed ogre barely misses you.
You sock the two-headed ogre!
The two-headed ogre is almost dead.
The two-headed ogre hits you with a +0 giant club!!
Ouch! That really hurt!
You die...

....... ..##..
....... #..#..
...(... #....
....... . #...b
..(..
..#....##.(.
.......#!.#
........O.##...
.......@.....#
...##......#.≈≈≈
##...≈≈≈≈≈≈≈
######≈≈≈≈≈
##≈≈≈ ### ..


You could see a two-headed ogre.

Vanquished Creatures
  A scorpion (D:4)
  A bullfrog zombie (D:4)
  A hound (D:4)
  An orc wizard (D:3)
  A bullfrog skeleton (D:4)
  A worker ant (D:4)
  Robin (D:3)
  4 adders
  An ooze (D:3)
  2 worms
  A dart slug (D:4)
  A leopard gecko (D:2)
  9 orcs
  5 bats
  3 giant cockroaches
  12 goblins
  11 hobgoblins
  9 jackals
  2 frilled lizards (D:2)
  7 kobolds
  4 rats
78 creatures vanquished.

Notes
Turn   | Place    | Note
-------+----------+-------------------------------------------
     0 | D:1      | Bronimir the Gargoyle Monk began the quest for the Orb.
     0 | D:1      | Reached XP level 1. HP: 14/14 MP: 1/1
   265 | D:1      | You fall into a shaft and drop 1 floor!
   270 | D:2      | Reached XP level 2. HP: 19/19 MP: 2/2
   513 | D:2      | Reached XP level 3. HP: 23/23 MP: 3/3
   666 | D:2      | Reached skill level 1 in Armour
  1311 | D:3      | Reached skill level 1 in Slings
  1311 | D:3      | Reached XP level 4. HP: 28/28 MP: 4/4
  1515 | D:3      | Noticed Robin
  1533 | D:3      | Killed Robin
  1557 | D:3      | Reached skill level 4 in Maces & Flails
  1711 | D:3      | Reached XP level 5. HP: 26/33 MP: 5/5
  1918 | D:3      | Found a glowing golden altar of the Shining One.
  1945 | D:3      | Found a glowing golden altar of the Shining One.
  2181 | D:4      | Reached XP level 6. HP: 26/38 MP: 6/6
  2459 | D:4      | Reached skill level 5 in Maces & Flails
  2749 | D:5      | Entered Level 5 of the Dungeon
  2749 | D:5      | Noticed a two-headed ogre
  2762 | D:5      | Mangled by a two-headed ogre

Levels and vault maps discovered:
D:1:      dpeg_arrival_another_circle, layout_loops_corners, minmay_pentomino_q4
D:2:      layout_basic
D:3:      layout_loops_corners, overflow_temple_1_default, first_ration,
          tso_altar, uniq_robin
D:4:      layout_loops_ring
D:5:      cheibrodos_thug_alley, layout_cave_pools,
          minmay_temple_entry_butterflies, patterned_corridor

Skill      XL: |  1  2  3  4  5  6 |
---------------+-------------------+-----
Armour         | 1 2 |  2.9
Slings         | 1 2 |  2.2
Maces & Flails | 4 5 |  5.1
Fighting       | |  3.9
Dodging        | |  2.9
Stealth        | |  2.2

Action                   |  1- 3 |  4- 6 || total
-------------------------+-------+-------++-------
Melee: Mace              |    53 |    91 ||   144
       Flail             |       |    80 ||    80
 Fire: Hunting sling     |    40 |    33 ||    73
Throw: Dart              |     2 |     8 ||    10
  Use: Scroll            |     2 |       ||     2
 Stab: Sleeping          |     3 |     1 ||     4
  Eat: Chunk             |     1 |     5 ||     6
Armor: Robe              |    18 |       ||    18
       Ring mail         |     8 |   104 ||   112
Dodge: Dodged            |    47 |   138 ||   185
